 Dungeon Crawl Stone Soup version 0.31-a0-889-g1a8549509d (webtiles) character file.

Game seed: 13232385236779990414

89 CowFu the Chiller (level 4, -4/24 HPs)
             Began as a Deep Elf Ice Elementalist on Oct 17, 2023.
             Slain by Sigmund
             ... wielding a +0 scythe
              (11 damage)
             ... on level 3 of the Dungeon.
             The game lasted 00:04:48 (2678 turns).

CowFu the Chiller (Deep Elf Ice Elementalist)       Turns: 2678, Time: 00:04:48

Health: -4/24      AC:  2    Str:  5    XL:     4   Next: 31%
Magic:  7/12       EV: 12    Int: 22    God:
Gold:   135        SH:  0    Dex: 15    Spells: 2/12 levels left

rFire   . . .        n - +1 hand axe (venom)
rCold   . . .        (no shield)
rNeg    . . .        f - +0 robe
rPois   .            (no helmet)
rElec   .            (no cloak)
rCorr   .            (no gloves)
SInv    .            (no boots)
Will    .....        (no amulet)
Stlth   ++           (no ring)
HPRegen 0.24/turn    (no ring)
MPRegen 0.13/turn

%: no passive effects
@: freezing walls
A: no striking features
a: no special abilities


You were on level 3 of the Dungeon.
You visited 1 branch of the dungeon, and saw 3 of its levels.

You collected 135 gold pieces.

Inventory:

Hand Weapons
 a - a +0 dagger
 b - a +0 sling of flaming
 n - a +1 hand axe of venom (weapon)
Armour
 f - a +0 robe (worn)
Scrolls
 c - 2 scrolls of teleportation {unknown}
 d - 6 scrolls of identify {unknown}
 h - a scroll of noise {unknown}
 i - a scroll of enchant armour {unknown}
 l - a scroll of acquirement {unknown}
 m - 2 scrolls of silence {unknown}
 o - a scroll of immolation {unknown}
 p - a scroll of poison {unknown}
 q - a scroll of blinking {unknown}
Potions
 e - a potion of heal wounds {unknown}
 g - a potion of enlightenment {unknown}
 j - a potion of ambrosia {unknown}
 k - a potion of magic


   Skills:
 - Level 2.4 Dodging
 - Level 2.4 Stealth
 + Level 4.9 Spellcasting
 + Level 5.5 Ice Magic


You had 2 spell levels left.
You knew the following spells:

 Your Spells              Type           Power      Damage    Failure   Level
a - Freeze                Ice            100%       1d10      1%          1
b - Frozen Ramparts       Ice            58%        1d9       3%          3
c - Ozocubu's Armour      Ice            29%        N/A       3%          3
d - Hailstorm             Conj/Ice       17%        3d6       10%         3

Your spell library contained the following spells:

 Spells                   Type           Power      Damage    Failure   Level
 Apportation              Tloc           10%        N/A       11%         1
 Jinxbite                 Hex            10%        N/A       16%         2
 Summon Ice Beast         Ice/Summ       17%        N/A       32%         4
 Alistair's Intoxication  Tmut/Pois      3%         N/A       96%         5


Dungeon Overview and Level Annotations

Branches:
Dungeon (3/15)

Altars:

Annotations:
D:3 Sigmund


Message History

Sigmund flickers and vanishes!
Deactivating autopickup; reactivate with Ctrl-A.
The adder barely misses you.
Casting: Freeze (safe; 1% risk of failure)
Confirm with . or Enter, or press ? or * to list all spells.
Casting: Frozen Ramparts (quite dangerous; 3% risk of failure)
Press: ? - help, Dir - look around, f - activate The walls around you are covered in ice.
The wall freezes the adder.
The wall freezes the adder but does no damage.
The adder closely misses you.
The wall freezes the adder!
You kill the adder!
The wall freezes something.
Something hits you!
Ouch! That really hurt!
You closely miss the adder.
The adder is moderately wounded.
The wall freezes the adder.
You kill the adder!
The wall freezes something!
Something hits you.
* * * LOW HITPOINT WARNING * * *
The frozen ramparts melt away as you move.
You hear some strange, mumbled words.
Something tries to affect you, but you resist.
You see here an adder corpse.
Something hits you.
* * * LOW HITPOINT WARNING * * *
Casting: Frozen Ramparts (quite dangerous; 3% risk of failure)
Confirm with . or Enter, or press ? or * to list all spells.
You can't see any susceptible monsters within range! (Use Z to cast anyway.)
Casting: Frozen Ramparts (quite dangerous; 3% risk of failure)
Confirm with . or Enter, or press ? or * to list all spells.
You can't see any susceptible monsters within range! (Use Z to cast anyway.)
Casting: Frozen Ramparts (quite dangerous; 3% risk of failure)
Confirm with . or Enter, or press ? or * to list all spells.
Casting: Frozen Ramparts (quite dangerous; 3% risk of failure)
Press: ? - help, Dir - look around, f - activate The walls around you are covered in ice.
The wall freezes something.
The wall freezes something.
Something hits you!
You die...

###...#..####.#.###
#...#...........#
#...########....#
#...## #....##
#...# #.....# ...##
##....# ...##
#....# #....# .
#.@..# ... #.####
.....###{####
........†...#
.##.........#
#.........#
#....?....#
#.........#
#.........#


There were no monsters in sight!

Vanquished Creatures
  3 adders
  3 worms (D:2)
  3 dart slugs
  An orc (D:3)
  7 ball pythons
  4 endoplasms
  2 giant cockroaches (D:1)
  5 hobgoblins (D:2)
  4 kobolds
  3 quokkas
  A bat (D:2)
  2 frilled lizards
  3 goblins
  9 rats
50 creatures vanquished.

Notes
Turn   | Place    | Note
-------+----------+-------------------------------------------
     0 | D:1      | CowFu the Deep Elf Ice Elementalist began the quest for the
                  | Orb.
     0 | D:1      | Reached XP level 1. HP: 10/10 MP: 6/6
   232 | D:1      | Reached XP level 2. HP: 15/15 MP: 2/8
  1030 | D:2      | Reached skill level 5 in Ice Magic
  1030 | D:2      | Reached XP level 3. HP: 9/19 MP: 6/10
  1451 | D:2      | Learned a level 3 spell: Frozen Ramparts
  1455 | D:2      | Learned a level 3 spell: Ozocubu's Armour
  1459 | D:2      | Learned a level 3 spell: Hailstorm
  2601 | D:3      | Reached XP level 4. HP: 24/24 MP: 10/12
  2665 | D:3      | Noticed Sigmund
  2678 | D:3      | Slain by Sigmund

Illustrated notes

Levels and vault maps discovered:
D:1:      dpeg_arrival_concentric_ovals, layout_loops_ring
D:2:      layout_basic
D:3:      layout_basic, serial_curves, eino_curves_02, eino_curves_02,
          nicolae_elevator_lobby_asterisk, uniq_sigmund

Skill      XL: |  1  2 |
---------------+-------+-----
Spellcasting   | 4 |  4.9
Ice Magic      | 5 |  5.5
Dodging        | |  2.4
Stealth        | |  2.4

Action                     |  1- 3 |  4- 6 || total
---------------------------+-------+-------++-------
  Melee: Unarmed           |     1 |       ||     1
         Dagger            |     2 |       ||     2
         Hand axe          |     6 |     3 ||     9
   Fire: Sling             |     1 |       ||     1
   Cast: Freeze            |    60 |     3 ||    63
         Frozen Ramparts   |     1 |     2 ||     3
 Armour: Robe              |    28 |     5 ||    33
  Dodge: Dodged            |    29 |     6 ||    35

Table legend: (Time is in decaauts)
 A = Elapsed time spent in this place.
 B = Non-inter-level travel time spent in this place.
 C = Inter-level travel time spent in this place.
 D = Time resting spent in this place.
 E = Time spent auto-exploring this place.
 F = Levels seen in this place.
 G = Mean time per level.
                   A        B        C        D        E       F      G
               +--------+--------+--------+--------+--------+-----+--------+
         Total |   2678 |   2611 |     67 |      0 |   2293 |   3 |  892.7 |
       Dungeon |   2678 |   2611 |     67 |      0 |   2293 |   3 |  892.7 |
               +--------+--------+--------+--------+--------+-----+--------+

Top non-repeatable levels by time:
     D:2: 1612 daAuts
     D:1: 905 daAuts
     D:3: 160 daAuts
